Construct Light Support Kompanie
Pak 38 Anti-tank Gun Team
Selects Armored Support Battlegroup
Selects Superior Fire Drills
Selects Vehicle Awareness
Construct Mechanized Kompanie
Marder III Tank Destroyer
Construct Panzerarmee Kommand
Selects Stuka Anti-tank Loiter
Flak 36 Anti-tank Gun Team
Selects Flammpanzer III Medium Tank Sd.Kfz. 141
Selects Battlefield Salvage
Walking Stuka Rocket Launcher
Flak 36 Anti-tank Gun Team